 Dungeon Crawl Stone Soup version 0.21-a0-143-g1ab7d47 (webtiles) character file.

60 AverageBear the Cutter (level 3, -1/22 HPs)
             Began as a Deep Elf Fighter on July 26, 2017.
             Was an Initiate of Ashenzari.
             Slain by Sigmund
             ... wielding a +4 scythe of flaming
              (5 damage)
             ... on level 2 of the Dungeon.
             The game lasted 00:01:51 (1123 turns).

AverageBear the Cutter (Deep Elf Fighter)           Turns: 1123, Time: 00:01:52

Health: -1/22      AC:  6    Str: 14    XL:     3   Next: 80%
Magic:  5/5        EV:  6    Int: 12    God:    Ashenzari [......]
Gold:   1          SH:  8    Dex: 14    Spells: 2/2 levels left

rFire    . . .     SeeInvis .   a - +0 rapier
rCold    . . .     Gourm    .   c - +0 shield
rNeg     . . .     Faith    .   b - +0 scale mail
rPois    .         Spirit   .   (no helmet)
rElec    .         Reflect  .   (no cloak)
rCorr    .         Harm     .   (no gloves)
MR       .....                  (no boots)
Stlth    ..........             (no amulet)
HPRegen  0.07/turn              (no ring)
MPRegen  0.09/turn              (no ring)

@: no status effects
A: no striking features
a: Curse Item, Renounce Religion


You were on level 2 of the Dungeon.
You worshipped Ashenzari.
Ashenzari was noncommittal.
You were not hungry.

You visited 1 branch of the dungeon, and saw 2 of its levels.

You collected 1 gold pieces.

Inventory:

Hand Weapons
 a - a +0 rapier (weapon)
Armour
 b - a +0 scale mail (worn)
 c - a +0 shield (worn)
Wands
 h - a wand of acid (7/15)
Scrolls
 j - a scroll of enchant armour {unknown}
 k - 2 scrolls of remove curse
 n - 2 scrolls of teleportation {unknown}
 o - a scroll of fog
 q - a scroll of blinking {unknown}
Potions
 d - a potion of might
 e - 2 potions of agility
 i - a potion of ambrosia {unknown}
 p - a potion of invisibility {unknown}
Comestibles
 f - 2 bread rations
 g - a fruit
 l - 3 chunks of flesh
 m - a meat ration


   Skills:
 - Level 2.4 Fighting
 + Level 4.2 Short Blades
 - Level 2.4 Armour
 - Level 2.4 Shields


You had 2 spell levels left.
You didn't know any spells.

Dungeon Overview and Level Annotations

Branches:
Dungeon (2/15)

Altars:
Ashenzari
Cheibriados
Makhleb
Okawaru
Xom

Annotations:
D:2 Sigmund


Message History

No target in view!
Found a stone staircase leading down.
No target in view!
Found an uncursed pair of gloves.
No target in view!
Sigmund the Dreaded comes into view.
Ashenzari warns you: He is wielding a scythe of flaming and wearing a robe of positive energy.
Sigmund shouts!
Sigmund casts a spell at you. You resist with some effort.
Found 6 gold pieces.
Sigmund is nearby!
Sigmund screams, "Don't try to resist!"
Sigmund points at you and mumbles some strange words.
The puff of flame hits you!
Sigmund hits you with a scythe of flaming!
Ouch! That really hurt!
* * * LOW HITPOINT WARNING * * *
Sigmund burns you.
You die...

# #.##.#.#### #.####.......# #
#.##.#.# #............# #
#......# ######.......#
####.#### ###...###
####.......########## #.>.####
.....##.##.##.......###......#
###..##.##.##.......#........#
..#..##....##.......#.#..##..#
........##......@@..#........#
..#..##.##.##.......#.#.#....#
###........##.......#.#......#
....##.######$......#.......[#
######.# #########.....####
#.# ###.### ######.# #.#
.......# #.# #####..##
#############.#


You could see Sigmund.

Vanquished Creatures
  3 adders (D:2)
  An ooze (D:1)
  A worm (D:2)
  A leopard gecko (D:2)
  A giant cockroach (D:2)
  2 goblins
  3 hobgoblins
  5 jackals (D:2)
  2 bats
  2 kobolds
  4 rats
25 creatures vanquished.

Notes
Turn   | Place    | Note
-------+----------+-------------------------------------------
     0 | D:1      | AverageBear the Deep Elf Fighter began the quest for the Orb.
     0 | D:1      | Reached XP level 1. HP: 13/13 MP: 3/3
   118 | D:1      | Found an ornate altar of the Wu Jian Council.
   120 | D:1      | Found a snail-covered altar of Cheibriados.
   120 | D:1      | Found an ancient bone altar of Kikubaaqudgha.
   122 | D:1      | Found an iron altar of Okawaru.
   122 | D:1      | Found a shimmering altar of Xom.
   122 | D:1      | Found a burning altar of Makhleb.
   141 | D:1      | Reached XP level 2. HP: 18/18 MP: 4/4
   380 | D:2      | Reached skill level 3 in Short Blades
   438 | D:2      | Reached XP level 3. HP: 20/22 MP: 5/5
   684 | D:2      | Found a shattered altar of Ashenzari.
   697 | D:2      | Became a worshipper of Ashenzari the Shackled
   946 | D:2      | Reached skill level 4 in Short Blades
  1119 | D:2      | Noticed Sigmund
  1123 | D:2      | Slain by Sigmund

Vault maps used:
D:1:      dpeg_arrival_erosion, doesnt_xom_only_xom
D:2:      ashenzari_altar_1, uniq_sigmund

Skill      XL: |  1  2  3 |
---------------+----------+-----
Short Blades   | 3 4 |  4.2
Fighting       | |  2.4
Armour         | |  2.4
Shields        | |  2.4

Action                   || total
-------------------------++-------
Melee: Rapier            ||    99
  Use: Scroll            ||     2
       Potion            ||     1
  Eat: Chunk             ||     1
Armor: Scale mail        ||    33
Dodge: Dodged            ||    23
Block: Shield            ||    43
